 Dungeon Sprint DCSS version 0.28.0-43-g3370ac3207 (webtiles) character file.

Game seed: 12806035650377770652

857 boopmooplesden the Cleaver (level 7, 0/78 HPs)
             Began as a Minotaur Berserker on Mar 1, 2022.
             Was a Priest of Trog.
             Succumbed to a scorpion's poison
             ... in the Dungeon (Sprint II: "The Violet Keep of Menkaure").
             The game lasted 00:00:28 (222 turns).

boopmooplesden the Cleaver (Minotaur Berserker)      Turns: 222, Time: 00:00:29

Health: 0/78       AC:  2    Str: 24    XL:     7   Next: 70%
Magic:  6/6        EV: 13    Int:  4    God:    Trog [***...]
Gold:   486        SH:  0    Dex:  9    Spells: 6/6 levels left

rFire   . . .      SeeInvis .   a - +0 hand axe
rCold   . . .      Faith    .   (no shield)
rNeg    . . .      Spirit   .   b - +0 animal skin
rPois   .          Reflect  .   (helmet restricted)
rElec   .          Harm     .   (no cloak)
rCorr   .          Rampage  .   (no gloves)
Will    .....      NoTele   +   (no boots)
Stlth   +.........              (no amulet)
HPRegen 0.23/turn               (no ring)
MPRegen 0.10/turn               (no ring)

@: lethally poisoned (0 -> -12)
A: horns 2, retaliatory headbutt
a: Renounce Religion, Berserk, Trog's Hand


You were in the Dungeon.
You worshipped Trog.
Trog was most pleased with you.
You visited 1 branch You collected 486 gold pieces.

Inventory:

Hand Weapons
 a - a +0 hand axe (weapon)
Armour
 b - a +0 animal skin (worn)
Scrolls
 h - a scroll of blinking
Potions
 c - a potion of curing
 d - a potion of heal wounds
 e - a potion of haste
 f - 2 potions of magic
 g - a potion of berserk rage


   Skills:
 + Level 12.9 Fighting
 + Level 13.4 Axes
 + Level 6.8 Armour
 + Level 6.6 Dodging


You had 6 spell levels left.
You didn't know any spells.
Your spell library was empty.

Dungeon Overview and Level Annotations

Branches:
Dungeon (1/1)

Altars:


Innate Abilities, Weirdness & Mutations

You have a pair of horns on your head.
You reflexively headbutt those who attack you in melee.


Message History

You feel sick.
You are no longer poisoned.
The scorpion barely misses you.
You hit the scorpion.
The scorpion is severely wounded.
The scorpion stings you.
You are poisoned.
The scorpion poisons you!
You hit the scorpion but do no damage. You headbutt the scorpion.
You kill the scorpion!
Trog accepts your kill.
You feel sick.
You feel sick. The scorpion stings you! The scorpion misses you.
There is an open door here.
Things that are here:
a scorpion corpse; a scorpion corpse You closely miss the scorpion.
You feel sick.
You closely miss the scorpion.
You feel sick. The scorpion stings you!
* * * LOW HITPOINT WARNING * * *
You are more poisoned.
The scorpion poisons you!
You hit the scorpion.
The scorpion is lightly wounded.
You feel very sick. The scorpion stings you!
* * * LOW HITPOINT WARNING * * *
You hit the scorpion.
The scorpion is lightly wounded.
* * * LOW HITPOINT WARNING * * *
You feel sick. The scorpion misses you. You furiously retaliate!
You headbutt the scorpion. You hit the scorpion. You headbutt the scorpion.
The scorpion is severely wounded.
* * * LOW HITPOINT WARNING * * *
You feel very sick. The scorpion stings you!
* * * LOW HITPOINT WARNING * * *
You hit the scorpion.
The scorpion is almost dead.
You die...

##+##
##...##
#.)#..#
##...####
##'###.##
##.##...#
+.<.††#
##.##...#
#@###.##
#.#s# ##
#.. ..#
### ###


You could see a scorpion.

Vanquished Creatures
  A merfolk siren (D)
  4 necrophages (D)
  3 scorpions (D)
8 creatures vanquished.

Notes
Turn   | Place    | Note
-------+----------+-------------------------------------------
     0 | D        | boopmooplesden the Minotaur Berserker began the quest for
                  | the Orb.
     0 | D        | Reached XP level 1. HP: 19/19 MP: 0/0
     1 | D        | Noticed a necrophage
     1 | D        | Noticed a necrophage
     1 | D        | Noticed a necrophage
     1 | D        | Noticed a necrophage
     6 | D        | Killed a necrophage
     7 | D        | Reached skill level 7 in Axes
     7 | D        | Reached XP level 2. HP: 34/34 MP: 1/1
     7 | D        | Reached XP level 3. HP: 39/39 MP: 2/2
     7 | D        | Reached XP level 4. HP: 47/47 MP: 3/3
     9 | D        | Killed a necrophage
    10 | D        | Reached skill level 9 in Axes
    10 | D        | Reached XP level 5. HP: 56/56 MP: 4/4
    14 | D        | Killed a necrophage
    14 | D        | Reached ** piety under Trog
    15 | D        | Reached skill level 10 in Axes
    15 | D        | Reached skill level 5 in Armour
    17 | D        | Killed a necrophage
    18 | D        | Reached skill level 10 in Fighting
    18 | D        | Reached skill level 5 in Dodging
    18 | D        | Reached XP level 6. HP: 65/67 MP: 5/5
   115 | D        | Noticed a merfolk siren
   133 | D        | Killed a merfolk siren
   134 | D        | Reached skill level 12 in Axes
   134 | D        | Reached XP level 7. HP: 63/77 MP: 6/6
   209 | D        | Reached *** piety under Trog
   210 | D        | Reached skill level 13 in Axes
   221 | D        | HP: 2/78 [scorpion (7)]
   222 | D        | Succumbed to a scorpion's poison

Illustrated notes

Levels and vault maps discovered:
D:        the_violet_keep_of_menkaure [sprint2_stairs_cluster_1,
          sprint2_shoproom, sprint2_temple, sprint2_basic_supplies,
          sprint2_obstacle_1, sprint2_obstacle_2, sprint2_obstacle_6,
          sprint2_obstacle_4, sprint2_obstacle_3, sprint2_timed_cluster_1,
          sprint2_smallroom_cluster_1, sprint2_smallroom_final_cluster_1,
          sprint2_transparent_cluster_1, sprint2_second_timed_cluster_1,
          sprint2_sniper_area_1, sprint2_heavy_combat_area_1,
          sprint2_mutation_trap_area_1, sprint2_forest_area_1,
          sprint2_light_combat_area_1, sprint2_behind_water_1,
          sprint2_near_end_vault_1]

Skill      XL: |  1  2  3  4  5  6  7 |
---------------+----------------------+-----
Fighting       | 7 8 10 12 | 12.9
Axes           | 7 9 10 12 13 | 13.4
Armour         | 4 5 6 |  6.8
Dodging        | 3 4 5 6 |  6.6

Action                   |  1- 3 |  4- 6 |  7- 9 || total
-------------------------+-------+-------+-------++-------
Melee: Hand axe          |     3 |    26 |    24 ||    53
       Headbutt          |     1 |     6 |     2 ||     9
Invok: Berserk           |     1 |       |       ||     1
Armor: Animal skin       |       |     1 |     2 ||     3
Dodge: Dodged            |     1 |     5 |     8 ||    14
